 Dungeon Crawl Stone Soup version 0.30-a0-728-gc68057be0a (console) character file.

Game seed: 17579410902713127271

4022 rlgrobin the Prestidigitator (level 10, -3/79 HPs)
             Began as a Gnoll Wanderer on Feb 1, 2023.
             Was a Priest of the Shining One.
             Slain by a hornet (7 damage)
             ... on level 7 of the Dungeon.
             The game lasted 00:17:42 (6930 turns).

rlgrobin the Prestidigitator (Gnoll Wanderer)       Turns: 6930, Time: 00:17:43

Health: -3/79      AC: 15    Str: 23    XL:     10   Next: 23%
Magic:  19/19      EV: 10    Int:  7    God:    the Shining One [***...]
Gold:   321        SH:  0    Dex: 15    Spells: 21/21 levels left

rFire   . . .      SeeInvis .    a - +1 war axe
rCold   . . .      Faith    .    (no shield)
rNeg    + . .      Spirit   .    G - +0 chain mail
rPois   .          Reflect  .    (no helmet)
rElec   .          Harm     .    (no cloak)
rCorr   .          Rampage  .    (no gloves)
Will    .....                    k - +0 pair of boots Stlth
                                 (no amulet)
HPRegen 0.33/turn                h - +6 ring of strength
MPRegen 0.16/turn                x - +4 ring of protection

@: lethally poisoned (-3 -> -11), about to teleport, slowed, glowing, very slow
A: fangs 1, strong nose, distributed training
a: Renounce Religion, Divine Shield, Cleansing Flame


You were on level 7 of the Dungeon.
You worshipped the Shining One.
The Shining One was most pleased with you.
You visited 2 branches of the dungeon, and saw 8 of its levels.

You collected 321 gold pieces.

Inventory:

Hand Weapons
 a - a +1 war axe (weapon)
 m - a +2 mace of protection
 C - a +0 hand axe
Missiles
 f - 2 throwing nets
Armour
 k - a +0 pair of boots (worn)
 G - a +0 chain mail (worn)
 L - a +0 plate armour
Jewellery
 h - a +6 ring of strength (left hand)
 n - a +6 ring of intelligence
 q - a ring of ice
 v - a ring of see invisible
 x - a +4 ring of protection (right hand)
 M - a ring of protection from cold
Wands
 z - a wand of roots (16)
 P - a wand of mindburst (13)
Scrolls
 c - 3 scrolls of fog
 j - 2 scrolls of enchant weapon
 s - a scroll of vulnerability {unknown}
 t - a scroll of torment {unknown}
 w - a scroll of silence {unknown}
 y - a scroll of blinking {unknown}
 D - a scroll of enchant armour {unknown}
 J - a scroll of acquirement {unknown}
 N - a scroll of immolation {unknown}
 O - a scroll of poison {unknown}
Potions
 d - 3 potions of brilliance
 g - a potion of degeneration {unknown}
 i - 4 potions of mutation
 l - a potion of curing
 o - a potion of attraction
 r - a potion of haste
 u - a potion of lignification
 A - a potion of berserk rage {unknown}
 E - a potion of flight {unknown}
 H - a potion of might {unknown}
 I - a potion of magic {unknown}
 K - a potion of resistance
Miscellaneous
 b - a box of beasts (quivered)


   Skills:
 + Level 7.1 Fighting
 + Level 5.2 Short Blades
 + Level 5.2 Long Blades
 + Level 7.1 Axes
 + Level 5.2 Maces & Flails
 + Level 5.2 Polearms
 + Level 5.2 Staves
 + Level 5.2 Ranged Weapons
 + Level 5.2 Throwing
 + Level 5.2 Armour
 + Level 5.2 Dodging
 + Level 5.8 Stealth
 + Level 5.2 Shields
 + Level 5.2 Unarmed Combat
 + Level 6.0 Spellcasting
 + Level 4.3 Conjurations
 + Level 4.3 Hexes
 + Level 4.3 Summonings
 + Level 4.3 Necromancy
 + Level 4.3 Translocations
 + Level 4.3 Transmutations
 + Level 4.3 Fire Magic
 + Level 4.3 Ice Magic
 + Level 4.3 Air Magic
 + Level 4.3 Earth Magic
 + Level 4.3 Poison Magic
 + Level 5.8 Invocations
 + Level 10.1 Evocations


You had 21 spell levels left.
You didn't know any spells.
Your spell library contained the following spells:

 Spells                   Type           Power      Damage    Failure   Level
 Slow                     Hex            32%        N/A       30%         1
 Confusing Touch          Hex            8%         N/A       67%         3
 Ozocubu's Armour         Ice            8%         N/A       67%         3
 Vampiric Draining        Necr           8%         2d6       67%         3
 Ozocubu's Refrigeration  Ice            4%         4d8       100%        7


Dungeon Overview and Level Annotations

Branches:
Dungeon (7/15)             Temple (1/1) D:4

Altars:
Ashenzari
Cheibriados
Dithmenos
Elyvilon
Fedhas
Gozag
Hepliaklqana
Kikubaaqudgha
Makhleb
Nemelex Xobeh
Okawaru
Qazlal
Ru
Sif Muna
Uskayaw
Vehumet
Yredelemnul
Zin
The Shining One

Shops:
D:1 (*


Innate Abilities, Weirdness & Mutations

You have very sharp teeth.
Your uncanny sense of smell can sniff out nearby items.
Your experience applies equally to all skills.


Message History

The hornet is moderately wounded.
The hornet stings you!
You feel yourself slow down.
You hit the hornet but do no damage.
The hornet is moderately wounded.
The hornet stings you but does no damage.
The hornet barely misses you. The hornet stings you!
You are poisoned.
You feel as though you will be slow longer.
You barely miss the hornet.
The hornet is moderately wounded.
You feel very sick. The hornet stings you!
You are more poisoned.
You feel as though you will be slow longer.
The hornet stings you but does no damage.
You closely miss the hornet. You bite the hornet, but do no damage.
The hornet is moderately wounded.
You feel extremely sick. The hornet stings you.
* * * LOW HITPOINT WARNING * * *
You feel as though you will be slow longer.
The howler monkey hoots and howls with incredible vigour!
The hornet stings you!
* * * LOW HITPOINT WARNING * * *
You feel as though you will be slow longer.
The hornet stings you but does no damage.
You hear a shout!
You feel better. The hornet misses you. The hornet stings you.
* * * LOW HITPOINT WARNING * * *
You are poisoned.
You feel as though you will be slow longer.
As you read the scroll of teleportation, it crumbles to dust.
You feel strangely unstable.
* * * LOW HITPOINT WARNING * * *
You feel very sick. The hornet stings you.
* * * LOW HITPOINT WARNING * * *
You feel as though you will be slow longer.
The hornet stings you!
You die...

## .# .# .# .# .#######
###
.......############.....
.....#.>).......@yhl....
#[#####################.
....# ♣♣♣.# .# ∆ # ∆ ∆ ∆
# ♣∆ .♣


You could see a hornet, a howler monkey and an iguana.

Vanquished Creatures
  A tengu warrior (D:7)
  A cyclops (D:7)
  A meliai (D:7)
  Eustachio (D:5)
  2 steam dragons (D:7)
  An ice beast (D:4)
  2 sky beasts
  3 ogres
  6 centaurs
  3 phantoms
  3 bullfrogs
  4 necrophages
  3 scorpions
  2 howler monkeys
  A jelly (D:7)
  2 orc priests
  A gnoll bouda (D:7)
  5 iguanas
  An orc wizard (D:6)
  10 adders
  A shadow imp (D:7)
  5 white imps
  4 ufetubi
  A worm (D:5)
  6 dart slugs
  24 orcs
  9 ball pythons
  2 endoplasms
  7 giant cockroaches
  9 goblins
  9 hobgoblins
  5 jackals (D:1)
  9 kobolds
  7 bats
  A frilled lizard (D:3)
  5 rats
157 creatures vanquished.

Vanquished Creatures (collateral kills)
  3 jackals (D:1)
  A kobold (D:1)
  A ball python (D:1)
  A frilled lizard (D:1)
6 creatures vanquished.

Vanquished Creatures (others)
  8 plants (D:7)
8 creatures vanquished.

Grand Total: 171 creatures vanquished

Notes
Turn   | Place    | Note
-------+----------+-------------------------------------------
     0 | D:1      | rlgrobin the Gnoll Wanderer began the quest for the Orb.
     0 | D:1      | rlgrobin set off with the following items: a +0 hand axe, a
                  | box of beasts, a scroll of fog, a potion of brilliance, a
                  | +0 leather armour.
     0 | D:1      | Reached XP level 1. HP: 20/20 MP: 4/4
   112 | D:1      | Found Rottukle's Weapon Shoppe.
   123 | D:1      | Reached XP level 2. HP: 23/26 MP: 5/5
   368 | D:1      | Reached XP level 3. HP: 31/31 MP: 7/7
   483 | D:1      | Found Nyteaniz's Assorted Antiques.
   540 | D:1      | Reached skill level 1 in Invocations
  1034 | D:2      | Reached skill level 1 in Short Blades
  1034 | D:2      | Reached skill level 1 in Long Blades
  1034 | D:2      | Reached skill level 1 in Maces & Flails
  1034 | D:2      | Reached skill level 1 in Polearms
  1034 | D:2      | Reached skill level 1 in Staves
  1034 | D:2      | Reached skill level 1 in Ranged Weapons
  1034 | D:2      | Reached skill level 1 in Throwing
  1034 | D:2      | Reached skill level 1 in Armour
  1034 | D:2      | Reached skill level 1 in Dodging
  1034 | D:2      | Reached skill level 1 in Shields
  1034 | D:2      | Reached skill level 1 in Unarmed Combat
  1231 | D:2      | Reached XP level 4. HP: 35/38 MP: 8/8
  1433 | D:2      | Reached skill level 1 in Conjurations
  1433 | D:2      | Reached skill level 1 in Hexes
  1433 | D:2      | Reached skill level 1 in Summonings
  1433 | D:2      | Reached skill level 1 in Necromancy
  1433 | D:2      | Reached skill level 1 in Translocations
  1433 | D:2      | Reached skill level 1 in Transmutations
  1433 | D:2      | Reached skill level 1 in Fire Magic
  1433 | D:2      | Reached skill level 1 in Ice Magic
  1433 | D:2      | Reached skill level 1 in Air Magic
  1433 | D:2      | Reached skill level 1 in Earth Magic
  1433 | D:2      | Reached skill level 1 in Poison Magic
  1939 | D:3      | Reached XP level 5. HP: 30/43 MP: 9/9
  2007 | D:3      | Found a faded altar of an unknown god.
  2010 | D:3      | Prayed at the altar of an unknown god.
  2010 | D:3      | Became a worshipper of the Shining One
  2010 | D:3      | Reached * piety under the Shining One
  2215 | D:3      | Found a glowing silver altar of Zin.
  2490 | D:3      | Found a broken altar of Ashenzari.
  2752 | D:3      | Found a sacrificial altar of Ru.
  3520 | D:4      | Found a staircase to the Ecumenical Temple.
  3525 | Temple   | Entered the Ecumenical Temple
  3900 | D:4      | Reached XP level 6. HP: 40/50 MP: 9/11
  3945 | D:5      | Entered Level 5 of the Dungeon
  3952 | D:5      | Noticed Eustachio
  4004 | D:5      | Noticed an ice beast
  4020 | D:4      | Killed an ice beast
  4021 | D:4      | Reached skill level 5 in Fighting
  4021 | D:4      | Reached skill level 5 in Axes
  4255 | D:5      | Reached XP level 7. HP: 30/56 MP: 12/12
  4401 | D:5      | Reached skill level 9 in Evocations
  4461 | D:5      | Reached ** piety under the Shining One
  4466 | D:5      | Killed Eustachio
  4467 | D:5      | Reached XP level 8. HP: 50/63 MP: 14/14
  4641 | D:5      | Found a stormy altar of Qazlal.
  4773 | D:5      | Found a basalt altar of Yredelemnul.
  4788 | D:5      | Found a radiant altar of Vehumet.
  5106 | D:6      | Found a hide-covered altar of Uskayaw.
  5761 | D:6      | Reached XP level 9. HP: 62/69 MP: 16/16
  5808 | D:6      | Reached skill level 5 in Spellcasting
  6160 | D:7      | Reached *** piety under the Shining One
  6212 | D:7      | Noticed a cyclops
  6212 | D:7      | Noticed a meliai
  6212 | D:7      | Noticed a manticore
  6213 | D:7      | Noticed a tengu warrior
  6340 | D:7      | Reached skill level 5 in Stealth
  6448 | D:7      | Killed a tengu warrior
  6449 | D:7      | Reached skill level 5 in Invocations
  6484 | D:7      | Killed a meliai
  6555 | D:7      | Killed a cyclops
  6556 | D:7      | Reached skill level 5 in Short Blades
  6556 | D:7      | Reached skill level 5 in Long Blades
  6556 | D:7      | Reached skill level 5 in Maces & Flails
  6556 | D:7      | Reached skill level 5 in Polearms
  6556 | D:7      | Reached skill level 5 in Staves
  6556 | D:7      | Reached skill level 5 in Ranged Weapons
  6556 | D:7      | Reached skill level 5 in Throwing
  6556 | D:7      | Reached skill level 5 in Armour
  6556 | D:7      | Reached skill level 5 in Dodging
  6556 | D:7      | Reached skill level 5 in Shields
  6556 | D:7      | Reached skill level 5 in Unarmed Combat
  6556 | D:7      | Reached skill level 10 in Evocations
  6556 | D:7      | Reached XP level 10. HP: 34/77 MP: 18/18
  6922 | D:7      | Paralysed by a hornet for 1 turns
  6930 | D:7      | Slain by a hornet

Illustrated notes

Levels and vault maps discovered:
D:1:      matt_arrival_los_fun, layout_basic, serial_shops,
          nicolae_diamond_shop, nicolae_shop_bloodbath_and_beyond
D:2:      layout_rooms, serial_rivers, chequers_serial_rivers_small_3,
          chequers_serial_rivers_small_3, chequers_serial_rivers_micro_c,
          chequers_serial_rivers_small_b
D:3:      layout_basic, mainiacjoe_overflow_tiny_flanked,
          mainiacjoe_overflow_alcove_1, marbit_many_paths,
          hellmonk_ecumenical_altar_defaced_shrine
D:4:      layout_loops_corners, minmay_temple_entry_glassed_door
D:5:      layout_cave_pools, old_standard_altar, minitemple, uniq_eustachio
D:6:      layout_loops_ring, mainiacjoe_overflow_brackets,
          nicolae_figureground_sparkle
D:7:      nzn_winding_woodlands_large [nzn_winding_woodlands_5x5_three,
          nzn_winding_woodlands_5x15_pockets,
          nzn_winding_woodlands_5x5_open_star,
          nzn_winding_woodlands_center_garden,
          nzn_winding_woodlands_15x15_killbox,
          nzn_winding_woodlands_center_pierced_h,
          nzn_winding_woodlands_hourglass, nzn_winding_woodlands_5x15_cabin,
          nzn_winding_woodlands_5x5_perimeter], layout_basic,
          kennysheep_little_box, kennysheep_path_1, roderic_serpentine_path
Temple:   nicolae_temple_godzebo

Skill      XL: |  1  2  3  4  5  6  7  8  9 10 |
---------------+-------------------------------+-----
Invocations    | 1 2 3 4 5 |  5.8
Short Blades   | 1 2 3 4 5 |  5.2
Long Blades    | 1 2 3 4 5 |  5.2
Maces & Flails | 1 2 3 4 5 |  5.2
Polearms       | 1 2 3 4 5 |  5.2
Staves         | 1 2 3 4 5 |  5.2
Ranged Weapons | 1 2 3 4 5 |  5.2
Throwing       | 1 2 3 4 5 |  5.2
Armour         | 1 2 3 4 5 |  5.2
Dodging        | 1 2 3 4 5 |  5.2
Shields        | 1 2 3 4 5 |  5.2
Unarmed Combat | 1 2 3 4 5 |  5.2
Spellcasting   | 3 4 5 6 |  6.0
Conjurations   | 1 2 3 4 |  4.3
Hexes          | 1 2 3 4 |  4.3
Summonings     | 1 2 3 4 |  4.3
Necromancy     | 1 2 3 4 |  4.3
Translocations | 1 2 3 4 |  4.3
Transmutations | 1 2 3 4 |  4.3
Fire Magic     | 1 2 3 4 |  4.3
Ice Magic      | 1 2 3 4 |  4.3
Air Magic      | 1 2 3 4 |  4.3
Earth Magic    | 1 2 3 4 |  4.3
Poison Magic   | 1 2 3 4 |  4.3
Stealth        | 3 4 5 |  5.8
Fighting       | 5 6 7 |  7.1
Axes           | 5 6 7 |  7.1
Evocations     | 9 10 | 10.1

Action                     |  1- 3 |  4- 6 |  7- 9 | 10-12 || total
---------------------------+-------+-------+-------+-------++-------
  Melee: Hand axe          |   113 |   190 |    58 |       ||   361
         Bite              |    12 |    18 |    35 |    10 ||    75
         Punch             |       |     7 |    13 |     5 ||    25
         War axe           |       |       |   154 |    42 ||   196
  Evoke: Box of beasts     |     1 |       |       |       ||     1
         Wand              |       |       |    10 |       ||    10
    Use: Scroll            |       |       |    11 |     1 ||    12
         Potion            |       |       |     1 |     2 ||     3
   Stab: Sleeping          |     5 |     1 |       |       ||     6
 Armour: Leather armour    |    37 |    38 |       |       ||    75
         Chain mail        |       |    49 |   130 |    31 ||   210
  Dodge: Dodged            |    86 |   102 |    97 |    36 ||   321

Table legend: (Time is in decaauts)
 A = Elapsed time spent in this place.
 B = Non-inter-level travel time spent in this place.
 C = Inter-level travel time spent in this place.
 D = Time resting spent in this place.
 E = Time spent auto-exploring this place.
 F = Levels seen in this place.
 G = Mean time per level.
                   A        B        C        D        E       F      G
               +--------+--------+--------+--------+--------+-----+--------+
         Total |   6994 |   6791 |    203 |   1123 |   4049 |   8 |  874.2 |
       Dungeon |   6868 |   6688 |    180 |   1123 |   3958 |   7 |  981.1 |
        Temple |    125 |    102 |     23 |      0 |     91 |   1 |  125.0 |
               +--------+--------+--------+--------+--------+-----+--------+

Top non-repeatable levels by time:
     D:3: 1178 daAuts
     D:1: 1034 daAuts
     D:4: 1023 daAuts
     D:6: 974 daAuts
     D:7: 958 daAuts
     D:5: 951 daAuts
     D:2: 747 daAuts
  Temple: 125 daAuts
